 Dungeon Crawl Stone Soup version 0.29.0-10-g45618ea6d2 (webtiles) character file.

Game seed: 9776384353636920376

51 sentinel the Stinger (level 4, 0/33 HPs)
             Began as a Meteoran Venom Mage on Sept 1, 2022.
             Frozen to death by an endoplasm (2 damage)
             ... on level 4 of the Dungeon.
             The game lasted 00:03:43 (348 turns).

sentinel the Stinger (Meteoran Venom Mage)           Turns: 348, Time: 00:03:43

Health: 0/33       AC:  2    Str:  7 (9)  XL:     4   Next: 27%
Magic:  5/9        EV: 12    Int: 16 (19) God:
Gold:   0          SH:  0    Dex: 11 (14) Spells: 1/8 levels left

rFire   . . .      SeeInvis .   e - staff of cold {!a}
rCold   + . .      Faith    .   (no shield)
rNeg    . . .      Spirit   .   a - +0 robe
rPois   .          Reflect  .   (no helmet)
rElec   .          Harm     .   (no cloak)
rCorr   .          Rampage  .   (no gloves)
Will    .....                   (no boots)
Stlth   +.........              i - amulet of the acrobat
HPRegen 0.11/turn               (no ring)
MPRegen 0.11/turn               (no ring)

@: glowing
A: sense surroundings 1, otherworldly, glowing, explore regen
a: no special abilities


You were on level 4 of the Dungeon.
You visited 1 branch of the dungeon, and saw 4 of its levels.

Inventory:

Armour
 a - a +0 robe (worn)
 c - a +0 buckler
Magical Staves
 e - a staff of cold (weapon) {!a}
Jewellery
 i - an amulet of the acrobat (around neck)
Scrolls
 g - a scroll of noise
Potions
 b - a potion of magic


   Skills:
 - Level 2.4 Dodging
 - Level 1.4 Stealth
 - Level 2.6 Spellcasting
 - Level 1.2 Transmutations
 + Level 5.6 Poison Magic


You had one spell level left.
You knew the following spells:

 Your Spells              Type           Power      Damage    Failure   Level
a - Sting                 Tmut/Pois      52%        1d5       4%          1
b - Poisonous Vapours     Pois/Air       22%        N/A       10%         2
t - Olgreb's Toxic Radia  Pois           20%        N/A       19%         4

Your spell library contained the following spells:

 Spells                   Type           Power      Damage    Failure   Level
 Mephitic Cloud           Conj/Pois/Air  8%         N/A       26%         3


Dungeon Overview and Level Annotations

Branches:
Dungeon (4/15) Zot: 2050
 Temple: D:4-7

Altars:


Innate Abilities, Weirdness & Mutations

You passively map a small area around you.
You are easily found by Zot.
You glow in the dark.
You regain HP and MP as you explore.


Message History

There was something very wrong with that liquid.
You feel weakened.
You feel dopey.
You feel clumsy.
* * * LOW HITPOINT WARNING * * *
You feel sick. The adder bites you but does no damage.
Magic courses through your body.
* * * LOW HITPOINT WARNING * * *
You feel sick.
You kill the adder!
You have reached level 4!
A hobgoblin and a bat come into view.
Found an escape hatch in the ceiling.
You feel sick.
You are too injured to fight recklessly!
Casting: Sting (safe; 4% risk of failure)
Confirm with . or Enter, or press ? or * to list all spells.
Aiming: Sting (safe; 4% risk of failure)
Press: ? - help, Shift-Dir - straight line, f - bat
Aim: a bat (57% to hit)
The sting hits the bat.
The bat is poisoned.
You kill the bat!
You feel sick.
The hobgoblin shouts!
Casting: Sting (safe; 4% risk of failure)
Confirm with . or Enter, or press ? or * to list all spells.
Aiming: Poisonous Vapours (safe; 10% risk of failure)
Press: ? - help, Dir - move target, f - hobgoblin
Aim: a hobgoblin Poisonous vapours surround the hobgoblin!
The hobgoblin is poisoned.
You feel sick.
HP warning!
Unknown command.
You are too injured to fight recklessly!
Casting: Poisonous Vapours (safe; 10% risk of failure)
Confirm with . or Enter, or press ? or * to list all spells.
Aiming: Poisonous Vapours (safe; 10% risk of failure)
Press: ? - help, Dir - move target, f - hobgoblin
Aim: a hobgoblin (heavily wounded, poisoned)
You miscast Poisonous Vapours.
You are very lightly contaminated with residual magic.
Nothing appears to happen.
You feel sick.
You are no longer poisoned.
HP warning!
This spell is extremely dangerous to cast!
Memorise Olgreb's Toxic Radiance, consuming 4 spell levels and leaving 1?
You start memorising the spell.
You continue memorising. x2
You kill the hobgoblin!
You continue memorising. x2
You finish memorising.
Spell assigned to 't'.
Your magical contamination has completely faded away.
There is a stone staircase leading down here.
HP warning!
You climb downwards.
There is a stone staircase leading up here.
The endoplasm attacks as you move away! The endoplasm hits you.
* * * LOW HITPOINT WARNING * * *
HP warning!
Casting: Poisonous Vapours (safe; 10% risk of failure)
Confirm with . or Enter, or press ? or * to list all spells.
Aiming: Sting (safe; 4% risk of failure)
Press: ? - help, Shift-Dir - straight line, f - endoplasm
Aim: an endoplasm (98% to hit)
Okay, then.
The endoplasm attacks as you move away! The endoplasm barely misses you.
The endoplasm misses you.
There is a stone staircase leading up here.
The endoplasm freezes you.
You are frozen.
You resist.
* * * LOW HITPOINT WARNING * * *
You climb upwards.
Magic restored.
There is a stone staircase leading down here.
Casting: Sting (safe; 4% risk of failure)
Confirm with . or Enter, or press ? or * to list all spells.
Aiming: Sting (safe; 4% risk of failure)
Press: ? - help, Shift-Dir - straight line, f - endoplasm
Aim: an endoplasm (98% to hit)
The sting hits the endoplasm.
The endoplasm partially resists.
The endoplasm is moderately wounded.
The endoplasm freezes you.
You are frozen.
You resist.
* * * LOW HITPOINT WARNING * * *
Casting: Sting (safe; 4% risk of failure)
Confirm with . or Enter, or press ? or * to list all spells.
Aiming: Sting (safe; 4% risk of failure)
Press: ? - help, Shift-Dir - straight line, f/p - endoplasm
Aim: an endoplasm (moderately wounded, 98% to hit)
The sting hits the endoplasm.
The endoplasm is poisoned.
The endoplasm is heavily wounded.
The endoplasm freezes you.
You are frozen.
You resist.
* * * LOW HITPOINT WARNING * * *
Casting: Sting (safe; 4% risk of failure)
Confirm with . or Enter, or press ? or * to list all spells.
Aiming: Sting (safe; 4% risk of failure)
Press: ? - help, Shift-Dir - straight line, f/p - endoplasm
Aim: an endoplasm (severely wounded, poisoned, 98% to hit)
The sting hits the endoplasm.
The endoplasm partially resists.
The endoplasm looks even sicker.
The endoplasm is almost dead.
The endoplasm freezes you.
You are frozen.
You resist.
* * * LOW HITPOINT WARNING * * *
HP warning!
You kill the endoplasm!
There is a stone staircase leading down here.
Unknown command.
As you read the scroll labelled OTWIAWK SI LASCH, it crumbles to dust.
It is a scroll of identify.
g - a scroll of noise The air fills with toxic fumes!
As you read the scroll labelled GADUSHR APICW, it crumbles to dust.
It was a scroll of poison.
Unknown command.
You climb downwards.
The endoplasm freezes you.
You are frozen.
You resist.
* * * LOW HITPOINT WARNING * * *
The endoplasm completely misses you. The hobgoblin hits you.
* * * LOW HITPOINT WARNING * * *
There is a stone staircase leading up here.
Casting: Sting (safe; 4% risk of failure)
Confirm with . or Enter, or press ? or * to list all spells.
Aiming: Sting (safe; 4% risk of failure)
Press: ? - help, Shift-Dir - straight line, f - endoplasm
Aim: an endoplasm (98% to hit)
The sting hits the endoplasm.
The endoplasm is poisoned.
The endoplasm is lightly wounded.
The hobgoblin closely misses you. The endoplasm freezes you.
You are frozen.
You resist.
* * * LOW HITPOINT WARNING * * *
HP warning!
Casting: Sting (safe; 4% risk of failure)
Confirm with . or Enter, or press ? or * to list all spells.
Aiming: Sting (safe; 4% risk of failure)
Press: ? - help, Shift-Dir - straight line, f/p - endoplasm
Aim: an endoplasm (lightly wounded, poisoned, 98% to hit)
The sting hits the endoplasm.
The endoplasm partially resists.
The endoplasm is moderately wounded.
The hobgoblin misses you. The endoplasm barely misses you.
HP warning!
Casting: Sting (safe; 4% risk of failure)
Confirm with . or Enter, or press ? or * to list all spells.
Aiming: Sting (safe; 4% risk of failure)
Press: ? - help, Shift-Dir - straight line, f/p - endoplasm
Aim: an endoplasm (moderately wounded, poisoned, 98% to hit)
The sting hits the endoplasm.
The endoplasm partially resists.
The endoplasm is severely wounded.
The hobgoblin closely misses you. The endoplasm freezes you.
You are frozen.
You resist.
You die...

,,####* ....########
#....>....#
#.........######
#..............#
#..............#
####..@##......## ###
###Jg.#<...<.##.>.#.
*####...........$.....
.......#.....).......
.......#..####.......
*
............##.......
.......##....##......
,,, .......).##>.#
#..... $...[#.#.
....^..../


You could see an endoplasm (poisoned) and a hobgoblin.

Vanquished Creatures
  3 adders
  An orc (D:4)
  3 ball pythons (D:2)
  3 bats
  2 endoplasms
  3 goblins
  3 hobgoblins
  2 kobolds
  3 rats
23 creatures vanquished.

Notes
Turn   | Place    | Note
-------+----------+-------------------------------------------
     0 | D:1      | sentinel the Meteoran Venom Mage began the quest for the
                  | Orb.
     0 | D:1      | Reached XP level 1. HP: 14/14 MP: 5/5
    60 | D:2      | Reached skill level 4 in Poison Magic
    60 | D:2      | Reached XP level 2. HP: 9/20 MP: 0/6
    68 | D:2      | HP: 1/20 [ball python (3)]
    94 | D:2      | Learned a level 2 spell: Poisonous Vapours
   107 | D:2      | Reached XP level 3. HP: 11/26 MP: 0/8
   239 | D:2      | Reached skill level 5 in Poison Magic
   316 | D:3      | Reached XP level 4. HP: 5/33 MP: 9/9
   325 | D:3      | Learned a level 4 spell: Olgreb's Toxic Radiance
   346 | D:4      | HP: 1/33 [frozen (1)]
   348 | D:4      | Frozen to death by an endoplasm

Illustrated notes

Levels and vault maps discovered:
D:1:      wander_arrival_fairy_ring, layout_loops_corners, grunt_decor_fettered,
          minmay_pentomino_s2
D:2:      layout_basic, serial_rivers, chequers_serial_rivers_room_a,
          chequers_serial_rivers_small_a, chequers_serial_rivers_micro_b,
          chequers_serial_rivers_small_a,
          shapermc_ecumenical_altar_mp_urbaneastern, minmay_misc_feat_alley,
          corexii_shack, minmay_misc_feat_square, minivault_5,
          uniq_crazy_yiuf_cottage
D:3:      layout_basic
D:4:      layout_rooms, nicolae_overflow_two_pavilions, serial_shops,
          kennysheep_mini_moat

Skill      XL: |  1  2  3 |
---------------+----------+-----
Poison Magic   | 4 5 |  5.6
Dodging        | |  2.4
Stealth        | |  1.4
Spellcasting   | |  2.6
Transmutations | |  1.2

Action                   |  1- 3 |  4- 6 || total
-------------------------+-------+-------++-------
 Cast: Sting             |    43 |     7 ||    50
       Poisonous Vapours |     1 |     1 ||     2
  Use: Potion            |     2 |       ||     2
       Scroll            |       |     2 ||     2
Armor: Robe              |    14 |       ||    14
Dodge: Dodged            |    34 |     7 ||    41
